 Dungeon Crawl Stone Soup version bcrawl-1.36.3 (webtiles) character file.

Game seed: 5860676464462890071

138703 KristoblXynda the Skirmisher (level 6, 0/48 HPs)
             Began as a Demonspawn Monk on June 19, 2022.
             Slain by a hound skeleton (1 damage)
             ... on level 4 of the Dungeon.
             The game lasted 00:09:05 (4028 turns).

KristoblXynda the Skirmisher (Demonspawn Monk)      Turns: 4028, Time: 00:09:05

Health: 0/48       AC: 11    Str: 14    XL:     6   Next: 14%
Magic:  0/8        EV: 10    Int: 18    God:
Gold:   104        SH:  0    Dex: 15    Spells: 5/5 levels left

rFire    . . .     SeeInvis .     - Fists (3.3)
rCold    . . .     Gourm    .   (no shield)
rNeg     . . .     Faith    .   g - +0 ring mail
rPois    .         Spirit   +   b - +0 hat
rElec    .         Reflect  .   k - scarf {clouds}
rCorr    .                      l - +1 pair of gloves
MR       .....                  p - +1 pair of boots
Stlth    +.........             (no amulet)
HPRegen  0.16/turn              r - +7 ring of intelligence
MPRegen  0.11/turn              (no ring)

@: very slightly contaminated, extremely drained, invisible
A: hooves 1, thin metallic scales 1, powered by pain 1, magic shield
a: Evoke Fog


You were on level 4 of the Dungeon.
You were hungry.

You visited 1 branch of the dungeon, and saw 4 of its levels.

You collected 104 gold pieces.

Inventory:

Armour
 b - a +0 hat (worn)
 g - a +0 ring mail (worn)
 h - a +0 buckler
 k - a scarf of clouds (worn)
 l - a +1 pair of gloves (worn)
 p - a +1 pair of boots (worn)
Jewellery
 r - a +7 ring of intelligence (left hand)
Scrolls
 d - 2 scrolls of remove curse
 j - a scroll of immolation
 o - a scroll of fear
Potions
 a - a potion of cancellation
 c - a potion of mutation {unknown}
Comestibles
 e - a ration {!d}


   Skills:
 + Level 4.3(0.0) Fighting
 + Level 2.5(0.0) Armour
 + Level 3.9(0.0) Dodging
 - Level 2.0(0.0) Stealth
 + Level 3.9(0.0) Unarmed Combat
   Level 2.6(0.0) Invocations


You had 5 spell levels left.
You didn't know any spells.
Your spell library was empty.

Dungeon Overview and Level Annotations

Branches:
Dungeon (4/12)
 Temple: D:4-7

Altars:
Qazlal
Trog
Wu Jian
Yredelemnul

Annotations:
D:4 Blork the orc


Innate Abilities, Weirdness & Mutations

You have large cloven feet.
You are partially covered in thin metallic scales. (AC +2)
You sometimes gain a little power by taking damage.
When hurt, damage is shared between your health and your magic reserves.


Message History

The hound skeleton is moderately damaged.
The hound skeleton closely misses you.
You hit the hound skeleton.
The hound skeleton is heavily damaged.
The hound skeleton bites you but does no damage. x2
You hit the hound skeleton.
The hound skeleton is heavily damaged.
The hound skeleton closely misses you.
You hit the hound skeleton but do no damage.
The hound skeleton is heavily damaged.
The hound skeleton bites you but does no damage.
You hit the hound skeleton.
The hound skeleton is severely damaged.
The hound skeleton bites you.
* * * LOW HITPOINT WARNING * * *
The hound skeleton closely misses you.
You hit the hound skeleton but do no damage.
The hound skeleton is severely damaged.
The hound skeleton bites you.
You die...

#[....# #...# #
#.....# #...# #
#.....#######..# .
#.....##...##.Z# .
#.....##...<>.o#
.##.....##.......##
..)).............Z#
###..(.......####Z#
#..<..##...##.@##
#.....##...##.).#
..............#...#
..............'...#
....)...##...##..##
###.....##...##'##
#.....# .. ..
#{....# ..


You could see a quokka skeleton (wandering) and a hound skeleton.

Vanquished Creatures
  An ogre (D:3)
  An orc wizard (D:4)
  An iguana (D:2)
  Terence (D:2)
  2 adders (D:3)
  An ooze (D:2)
  A worm (D:2)
  3 dart slugs
  5 leopard geckos
  13 orcs
  4 giant cockroaches
  11 hobgoblins
  6 jackals
  2 quokkas
  A ball python (D:1)
  5 bats
  2 frilled lizards
  7 goblins
  11 kobolds
  5 rats
83 creatures vanquished.

Notes
Turn   | Place    | Note
-------+----------+-------------------------------------------
     0 | D:1      | KristoblXynda the Demonspawn Monk began the quest for the
                  | Orb.
     0 | D:1      | Reached XP level 1. HP: 18/18 MP: 2/2
   200 | D:1      | Gained mutation: You have large cloven feet. [demonic
                  | ancestry]
   200 | D:1      | Reached XP level 2. HP: 21/24 MP: 4/4
   438 | D:1      | Reached skill level 1 in Armour
   524 | D:1      | Gained mutation: You are partially covered in thin metallic
                  | scales. (AC +2) [demonic ancestry]
   524 | D:1      | Reached XP level 3. HP: 27/29 MP: 3/5
  1098 | D:2      | Found a stormy altar of Qazlal.
  1098 | D:2      | Found an ornate altar of the Wu Jian Council.
  1099 | D:2      | Found a bloodstained altar of Trog.
  1297 | D:2      | Gained mutation: When hurt, damage is shared between your
                  | health and your magic reserves. [demonic ancestry]
  1297 | D:2      | Reached XP level 4. HP: 17/36 MP: 3/6
  1442 | D:2      | Found a basalt altar of Yredelemnul.
  1489 | D:2      | Noticed Terence
  1571 | D:2      | Killed Terence
  2530 | D:3      | Gained mutation: You sometimes gain a little power by
                  | taking damage. [demonic ancestry]
  2530 | D:3      | Reached XP level 5. HP: 30/42 MP: 5/7
  2655 | D:3      | Noticed an ogre
  2670 | D:3      | Killed an ogre
  2671 | D:3      | Reached skill level 4 in Fighting
  3263 | D:3      | HP: 1/42 [wight/+4 great sword (9)]
  3631 | D:4      | Reached XP level 6. HP: 25/48 MP: 6/8
  3633 | D:4      | Noticed Blork the orc
  4020 | D:4      | HP: 2/48 [orc wizard/puff of frost (5)]
  4027 | D:4      | HP: 1/48 [hound skeleton (2)]
  4028 | D:4      | Slain by a hound skeleton

Skill      XL: |  1  2  3  4  5 |
---------------+----------------+-----
Unarmed Combat | 3 |  3.9
Armour         | 1 2 |  2.5
Dodging        | 3 |  3.9
Fighting       | 4 |  4.3
Stealth        | |  2.0
Invocations    | |  2.6

Action                   |  1- 3 |  4- 6 || total
-------------------------+-------+-------++-------
Melee: Unarmed           |   208 |   570 ||   778
       Kick              |    16 |       ||    16
       Punch             |     3 |       ||     3
  Use: Scroll            |     2 |     4 ||     6
       Potion            |       |     7 ||     7
 Stab: Sleeping          |     3 |       ||     3
       Invisible         |       |     2 ||     2
  Eat: Chunk             |     5 |    10 ||    15
       Ration            |       |     4 ||     4
Armor: Ring mail         |    58 |   281 ||   339
       Skin              |       |     1 ||     1
Dodge: Dodged            |   114 |   312 ||   426
